 Dungeon Crawl Stone Soup version 0.23.2-33-g5129a83184 (webtiles) character file.

Game seed: 14086752191909565521

1074 Acheron the Skirmisher (level 8, -3/69 HPs)
             Began as a Grey Draconian Wanderer on Aug 2, 2019.
             Slain by a wyvern (16 damage)
             ... on level 8 of the Dungeon.
             The game lasted 00:29:25 (4087 turns).

Acheron the Skirmisher (Grey Draconian Wanderer)    Turns: 4087, Time: 00:29:26

Health: -3/69      AC: 11    Str: 15    XL:     8   Next: 7%
Magic:  11/11      EV: 13    Int: 12    God:
Gold:   189        SH:  0    Dex: 13    Spells: 12/12 levels left

rFire    . . .     SeeInvis .   v - +0 war axe
rCold    + . .     Gourm    .   (no shield)
rNeg     . . .     Faith    .   (armour unavailable)
rPois    +         Spirit   .   (helmet restricted)
rElec    .         Reflect  .   (no cloak)
rCorr    .         Harm     .   (no gloves)
MR       .....                  (no boots)
Stlth    ++........             k - amulet of regeneration
HPRegen  0.61/turn              z - ring of poison resistance
MPRegen  0.12/turn              h - ring of protection from cold

@: no status effects
A: walk through water, unfitting armour, unbreathing, cold-blooded, AC +11
a: no special abilities


You were on level 8 of the Dungeon.
You were not hungry.

You visited 1 branch of the dungeon, and saw 8 of its levels.

You collected 245 gold pieces.
You spent 56 gold pieces at shops.

Inventory:

Hand Weapons
 b - a +3 blowgun
 c - a +0 hand crossbow
 m - a +0 hunting sling
 v - a +0 war axe (weapon)
 D - a +3 dagger
Missiles
 o - 62 poisoned needles
 p - 22 bolts
 q - 58 stones (quivered)
 t - 31 sling bullets
 w - 3 curare-tipped needles
Armour
 a - a +0 large shield
 g - the +1 pair of gloves of Faegic {*Slow rElec rPois}
   (You found it on level 6 of the Dungeon)

   It insulates you from electricity.
   It protects you from poison.
   It may slow you when you take damage.
 l - a scarf of resistance
Jewellery
 h - a ring of protection from cold (right hand)
 i - an uncursed ring of wizardry
 k - an amulet of regeneration (around neck)
 x - the amulet "Vithi" {Harm *Drain rF++}
   (You found it on level 5 of the Dungeon)

   [amulet of harm]

   It increases damage dealt and taken.
   It greatly protects you from fire.
   It causes draining when unequipped.
 z - a ring of poison resistance (left hand)
Scrolls
 e - 2 scrolls of teleportation
 r - 2 scrolls of remove curse
 u - 3 scrolls of amnesia
 y - a scroll of blinking {unknown}
 B - a scroll of fog {unknown}
 E - a scroll of identify
Potions
 d - a potion of ambrosia {unknown}
 n - a potion of haste {unknown}
 s - a potion of lignification {unknown}
 A - a potion of resistance {unknown}
Comestibles
 f - 7 rations
 C - 3 chunks of flesh


   Skills:
 * Level 5.5 Fighting
 + Level 2.2 Short Blades
 * Level 4.1 Axes
 * Level 4.3 Crossbows
 + Level 1.3 Throwing
 * Level 2.9 Dodging
 * Level 3.0 Stealth
 * Level 0.6 Shields
 * Level 2.5 Spellcasting
   Level 1.0 Evocations


You had 12 spell levels left.
You didn't know any spells.
Your spell library was empty.

Dungeon Overview and Level Annotations

Branches:
Dungeon (8/15)
 Temple: D:4-7         Lair: D:8-11

Altars:
Fedhas
Makhleb
Qazlal

Shops:
D:5 ?   D:6 %

Annotations:
D:4 exclusion: downstairs
D:8 1 transporter, exclusion: upstairs, Grum


Innate Abilities, Weirdness & Mutations

You can walk through water.
Your dull iron-grey scales are very hard. (AC +11)
You cannot fit into any form of body armour.
You can survive without breathing.
You are cold-blooded and may be slowed by cold attacks.


Message History

The crocodile is almost dead.
The crocodile bites you but does no damage.
You feel much better. The crocodile bites you!
You hit the crocodile but do no damage.
The crocodile is almost dead.
The crocodile bites you but does no damage.
The crocodile closely misses you.
You slash the crocodile!
You kill the crocodile!
Your Axes skill increases to level 4!
The wyvern bites you but does no damage.
You closely miss the wyvern. You tail-slap the wyvern.
The wyvern is lightly wounded.
The wyvern bites you. The wyvern misses you.
You closely miss the wyvern. You tail-slap the wyvern.
The wyvern is lightly wounded.
The wyvern bites you!
* * * LOW HITPOINT WARNING * * *
The wyvern bites you!
You die...

#.o.....#
#.......##....##
#...............
#............###
#.........o.....
#...((.......###
#.......##..>###
#####.(......#......
#.†@l)()(((.........
##†#####.#####$......
#.......... ......
#.≈≈≈≈≈≈≈≈≈≈≈ ≈≈≈≈..
#.≈≈≈≈≈≈≈≈≈≈≈≈≈≈≈≈≈..
#.≈≈####.....####≈≈..
#.≈≈#g.#8###8#. #≈≈..
#.≈≈#g.###g### #≈≈..
#.≈≈#.... #≈≈..


You could see a wyvern.

Vanquished Creatures
  A phantom (D:4)
  3 ogres
  A crocodile (D:8)
  3 killer bees (D:8)
  A howler monkey (D:5)
  A crimson imp (D:5)
  A centaur zombie (D:8)
  An orc priest (D:5)
  A hound (D:6)
  A centaur skeleton (D:6)
  A bullfrog skeleton (D:5)
  An iguana (D:6)
  An orc wizard (D:8)
  3 worker ants
  A gnoll (D:1)
  2 howler monkey skeletons (D:5)
  2 adders
  An ooze (D:5)
  2 adder skeletons (D:6)
  2 dart slugs (D:1)
  3 worms
  3 leopard geckos
  18 orcs
  7 bats
  4 giant cockroaches
  6 goblins
  9 hobgoblins
  11 jackals
  11 kobolds
  3 quokkas
  3 frilled lizards
  A leopard gecko zombie (D:5)
  9 rats
118 creatures vanquished.

Notes
Turn   | Place    | Note
-------+----------+-------------------------------------------
     0 | D:1      | Acheron the Draconian Wanderer began the quest for the Orb.
     0 | D:1      | Acheron set off with the following items: a +2 blowgun, 4
                  | curare-tipped needles, a +0 hand crossbow, 28 bolts, a
                  | scroll of teleportation, a ration
     0 | D:1      | Reached XP level 1. HP: 19/19 MP: 1/1
   112 | D:1      | Reached XP level 2. HP: 26/27 MP: 2/2
   354 | D:1      | Reached XP level 3. HP: 33/33 MP: 3/3
   556 | D:1      | Reached skill level 4 in Fighting
  1274 | D:2      | Noticed an ogre
  1288 | D:2      | Killed an ogre
  1288 | D:2      | Reached skill level 1 in Spellcasting
  1288 | D:2      | Reached XP level 4. HP: 20/41 MP: 5/5
  1288 | D:2      | Reached XP level 5. HP: 22/47 MP: 6/6
  1746 | D:2      | You fall through a shaft for 2 floors!
  1782 | D:4      | Found a burning altar of Makhleb.
  1789 | D:4      | Noticed an ogre
  1811 | D:4      | Noticed a phantom
  1847 | D:4      | Killed a phantom
  1926 | D:5      | Entered Level 5 of the Dungeon
  2091 | D:3      | Found a blossoming altar of Fedhas.
  2261 | D:3      | Reached XP level 6. HP: 53/53 MP: 8/8
  2602 | D:4      | Reached skill level 1 in Short Blades
  2602 | D:4      | Reached skill level 1 in Axes
  2650 | D:4      | Reached skill level 5 in Fighting
  3043 | D:5      | Found a stormy altar of Qazlal.
  3044 | D:5      | Got a flickering amethyst amulet
  3129 | D:5      | Your scales start taking on a dull iron-grey colour.
  3129 | D:5      | Reached XP level 7. HP: 61/61 MP: 10/10
  3129 | D:5      | Gained mutation: You can survive without breathing. [Grey
                  | Draconian growth]
  3204 | D:5      | Found Zaxyqo's Magic Scroll Shop.
  3207 | D:5      | Bought a scroll of identify for 28 gold pieces
  3207 | D:5      | Bought a scroll of identify for 28 gold pieces
  3352 | D:6      | Got a pair of dazzling gloves
  3353 | D:6      | Identified the +1 pair of gloves of Faegic {*Slow rElec
                  | rPois} (You found it on level 6 of the Dungeon)
  3354 | D:6      | Identified the amulet "Vithi" {Harm *Drain rF++} (You found
                  | it on level 5 of the Dungeon)
  3362 | D:6      | Found Nismock's Food Shop.
  3873 | D:7      | Noticed a hungry ghost
  3901 | D:8      | Noticed a wyvern
  3928 | D:8      | Found a transporter.
  3929 | D:8      | Noticed Grum
  4064 | D:8      | Reached XP level 8. HP: 51/69 MP: 11/11
  4087 | D:8      | Slain by a wyvern

Skill      XL: |  1  2  3  4  5  6  7  8 |
---------------+-------------------------+-----
Crossbows      | 3 4 |  4.3
Fighting       | 4 5 |  5.5
Spellcasting   | 1 2 |  2.5
Stealth        | 2 3 |  3.0
Short Blades   | 1 2 |  2.2
Axes           | 2 3 4 |  4.1
Dodging        | 2 |  2.9
Throwing       | |  1.3
Shields        | |  0.6
Evocations     | |  1.0

Action                   |  1- 3 |  4- 6 |  7- 9 || total
-------------------------+-------+-------+-------++-------
Melee: Short sword       |       |    66 |       ||    66
       War axe           |       |    76 |   122 ||   198
       Tailslap          |       |    10 |    19 ||    29
 Fire: Hand crossbow     |    87 |    50 |     7 ||   144
       Blowgun           |       |    15 |       ||    15
  Use: Scroll            |     3 |     2 |     5 ||    10
       Potion            |       |       |     2 ||     2
 Stab: Sleeping          |       |     3 |     2 ||     5
       Distracted        |       |     1 |       ||     1
  Eat: Chunk             |     1 |     6 |       ||     7
       Ration            |       |       |     1 ||     1
Armor: Skin              |     6 |    51 |    81 ||   138
Dodge: Dodged            |    16 |   129 |   118 ||   263
